TOP OF THE 1ST |
Waba Ducks batting - Pitching for Amarillo Archdukes : RHP José Abacil
|
Pitching: RHP José Abacil
|
|
Batting: LHB Stanley Mullins
|
0-0: Swinging Strike 0-1: Bunted foul 0-2: Ball 1-2: TRIPLE (Line Drive, 78D)
|
Batting: RHB António Venecia
|
0-0: Foul Ball, location: 2F 0-1: Ball 1-1: Foul Ball, location: 2F 1-2: Foul Ball, location: 2F 1-2: Ground out 4-3 (Groundball, 4) Stanley Mullins scores
|
Batting: LHB Don Ramey
|
0-0: Ball 1-0: Ball 2-0: Ball 3-0: Base on Balls
|
Batting: RHB Pedro Guzmán
|
0-0: Ball 1-0: Foul Ball, location: 2F 1-1: Foul Ball, location: 2F 1-2: Strikes out swinging
|
Batting: RHB Gerald Burnett
|
Balk! Don Ramey to second 0-0: Fly out, F9 (Flyball, 89M)
|
Top of the 1st over - 1 run, 1 hit, 0 errors, 1 left on base; Waba 1 - Amarillo 0 |
BOTTOM OF THE 1ST |
Amarillo Archdukes batting - Pitching for Waba Ducks : RHP Fernand Picard
|
Pitching: RHP Fernand Picard
|
|
Batting: LHB John Frost
|
0-0: Foul Ball, location: 2F 0-1: Ball 1-1: Ball 2-1: Called Strike 2-2: TRIPLE (Flyball, 89XD)
|
Batting: LHB Orlando Hernández
|
0-0: Ball 1-0: Foul Ball, location: 2F 1-1: Ball 2-1: Ball 3-1: Swinging Strike 3-2: Foul Ball, location: 2F 3-2: Strikes out looking
|
Batting: LHB Brian Easdale
|
0-0: Ball 1-0: Ball 2-0: Ground out U3 (Groundball, 23) John Frost scores
|
Batting: RHB Jesús Ramos
|
0-0: Ball 1-0: Called Strike 1-1: DOUBLE (Line Drive, 9LM)
|
Batting: LHB António Chávez
|
0-0: Ball 1-0: Called Strike 1-1: Ball 2-1: Foul Ball, location: 2F Balk! Jesús Ramos to third 2-2: Ball 3-2: Reached on error, E8 (Flyball, 8RM) Jesús Ramos scores
|
Batting: SHB Jeff Chambers
|
0-0: Foul Ball, location: 2F 0-1: Ball 1-1: Ball 2-1: Ball 3-1: Reached on error, E5 (Groundball, 5S) António Chávez to third
|
Batting: LHB José Martínez
|
0-0: Ball 1-0: Ball 2-0: Called Strike 2-1: Ball 3-1: Foul Ball, location: 2F 3-2: Foul Ball, location: 2F 3-2: Base on Balls Jeff Chambers to second
|
Batting: RHB Rich Henley
|
0-0: Swinging Strike 0-1: Ball 1-1: Ball 2-1: Ball 3-1: Base on Balls António Chávez scores Jeff Chambers to third José Martínez to second
|
Batting: RHB Herb Bunch
|
0-0: Called Strike 0-1: Ball 1-1: Ball 2-1: Reached on error, E5 (Groundball, 56) Jeff Chambers scores José Martínez to third Rich Henley to second
|
Batting: LHB John Frost
|
0-0: Ball 1-0: Ground out U3 (Groundball, 3)
|
Bottom of the 1st over - 4 runs, 2 hits, 3 errors, 3 left on base; Waba 1 - Amarillo 4 |
TOP OF THE 2ND |
Waba Ducks batting - Pitching for Amarillo Archdukes : RHP José Abacil
|
Batting: SHB Garrett Waller
|
0-0: Called Strike 0-1: Foul Ball, location: 2F 0-2: Ball 1-2: Ground out U3 (Groundball, 34S)
|
Batting: RHB Lorenzo Silva
|
0-0: Ball 1-0: Foul Ball, location: 2F 1-1: Fly out, F9 (Flyball, 9S)
|
Batting: RHB Lynn Johnson
|
0-0: SINGLE (Line Drive, 6D)
|
Batting: RHB Armando Blanco
|
0-0: Called Strike 0-1: Foul Ball, location: 2F 0-2: Ball 1-2: Ground out U3 (Groundball, 34)
|
Top of the 2nd over - 0 runs, 1 hit, 0 errors, 1 left on base; Waba 1 - Amarillo 4 |
BOTTOM OF THE 2ND |
Amarillo Archdukes batting - Pitching for Waba Ducks : RHP Fernand Picard
|
Batting: LHB Orlando Hernández
|
0-0: Foul Ball, location: 2F 0-1: Ground out 4-3 (Groundball, 4M)
|
Batting: LHB Brian Easdale
|
0-0: SINGLE (Line Drive, 9S)
|
Batting: RHB Jesús Ramos
|
0-0: Called Strike 0-1: Called Strike 0-2: Grounds into double play, 6-4-3 (Groundball, 6)
|
Bottom of the 2nd over - 0 runs, 1 hit, 0 errors, 0 left on base; Waba 1 - Amarillo 4 |
TOP OF THE 3RD |
Waba Ducks batting - Pitching for Amarillo Archdukes : RHP José Abacil
|
Batting: LHB Stanley Mullins
|
0-0: Ball 1-0: Foul Ball, location: 2F 1-1: Ball 2-1: Foul Ball, location: 2F 2-2: Foul Ball, location: 2F 2-2: SINGLE (Flyball, 7S)
|
Batting: RHB António Venecia
|
0-0: Called Strike 0-1: Ball 1-1: Ball 2-1: Foul Ball, location: 2F 2-2: Single, Error in OF, E7, batter to second base Stanley Mullins to third
|
Batting: LHB Don Ramey
|
0-0: Ball 1-0: Called Strike 1-1: Fly out, F7 (Flyball, 7LSF) Runner from 3rd tags up, SCORES, no throw
|
Batting: RHB Pedro Guzmán
|
0-0: Called Strike 0-1: Foul Ball, location: 2F 0-2: Ball 1-2: Ball 2-2: Ball 3-2: Base on Balls
|
Batting: RHB Gerald Burnett
|
0-0: Called Strike 0-1: Ground out 5-3 (Groundball, 56S) António Venecia to third Pedro Guzmán to second
|
Batting: SHB Garrett Waller
|
0-0: Called Strike 0-1: Foul Ball, location: 2F 0-2: Strikes out looking
|
Top of the 3rd over - 1 run, 2 hits, 1 error, 2 left on base; Waba 2 - Amarillo 4 |
BOTTOM OF THE 3RD |
Amarillo Archdukes batting - Pitching for Waba Ducks : RHP Fernand Picard
|
Batting: LHB António Chávez
|
0-0: Ball 1-0: Called Strike 1-1: Swinging Strike 1-2: Ball 2-2: Strikes out looking
|
Batting: SHB Jeff Chambers
|
0-0: Ball 1-0: Swinging Strike 1-1: Foul Ball, location: 2F 1-2: Ball 2-2: Ball 3-2: Base on Balls
|
Batting: LHB José Martínez
|
0-0: Foul Ball, location: 2F 0-1: Ball 1-1: Called Strike 1-2: Ball Jeff Chambers is caught stealing 2nd base 2-2: Ball 3-2: Foul Ball, location: 2F 3-2: Ground out 4-3 (Groundball, 4)
|
Bottom of the 3rd over - 0 runs, 0 hits, 0 errors, 0 left on base; Waba 2 - Amarillo 4 |
TOP OF THE 4TH |
Waba Ducks batting - Pitching for Amarillo Archdukes : RHP José Abacil
|
Batting: RHB Lorenzo Silva
|
0-0: Called Strike 0-1: Ball 1-1: Swinging Strike 1-2: Ball 2-2: Ball 3-2: Strikes out looking
|
Batting: RHB Lynn Johnson
|
0-0: Called Strike 0-1: Ball 1-1: Called Strike 1-2: Ball 2-2: Ground out 5-3 (Groundball, 56S)
|
Batting: RHB Armando Blanco
|
0-0: Called Strike 0-1: SINGLE (Groundball, 4S) (infield hit)
|
Batting: LHB Stanley Mullins
|
0-0: Called Strike 0-1: Fly out, F5 (Popup, 5F)
|
Top of the 4th over - 0 runs, 1 hit, 0 errors, 1 left on base; Waba 2 - Amarillo 4 |
BOTTOM OF THE 4TH |
Amarillo Archdukes batting - Pitching for Waba Ducks : RHP Fernand Picard
|
Batting: RHB Rich Henley
|
0-0: Ground out 5-3 (Groundball, 5L)
|
Batting: RHB Herb Bunch
|
0-0: Ball 1-0: SINGLE (Groundball, 6MD)
|
Batting: LHB John Frost
|
0-0: Called Strike 0-1: Foul Ball, location: 2F 0-2: Fly out, F8 (Line Drive, 8RD)
|
Batting: LHB Orlando Hernández
|
0-0: SINGLE (Line Drive, 4M) Herb Bunch to second Runner from 2nd tries for 3rd, SAFE, no throw
|
Batting: LHB Brian Easdale
|
0-0: Ball 1-0: Foul Ball, location: 2F 1-1: Ball 2-1: SINGLE (Line Drive, 4MD) Herb Bunch scores Orlando Hernández to second
|
Batting: RHB Jesús Ramos
|
0-0: Ball 1-0: Ball 2-0: Called Strike 2-1: Ground out 1-3 (Groundball, 15S)
|
Bottom of the 4th over - 1 run, 3 hits, 0 errors, 2 left on base; Waba 2 - Amarillo 5 |
TOP OF THE 5TH |
Waba Ducks batting - Pitching for Amarillo Archdukes : RHP José Abacil
|
Batting: RHB António Venecia
|
0-0: Ball 1-0: Ground out 6-3 (Groundball, 6)
|
Batting: LHB Don Ramey
|
0-0: Fly out, F9 (Line Drive, 9D)
|
Batting: RHB Pedro Guzmán
|
0-0: Foul Ball, location: 2F 0-1: Ball 1-1: Swinging Strike 1-2: Ball 2-2: Foul Ball, location: 2F 2-2: Fly out, F8 (Flyball, 89D)
|
Top of the 5th over - 0 runs, 0 hits, 0 errors, 0 left on base; Waba 2 - Amarillo 5 |
BOTTOM OF THE 5TH |
Amarillo Archdukes batting - Pitching for Waba Ducks : RHP Fernand Picard
|
Batting: LHB António Chávez
|
0-0: Swinging Strike 0-1: SINGLE (Flyball, 78S)
|
Batting: SHB Jeff Chambers
|
0-0: Grounds into double play, 4-6-3 (Groundball, 4)
|
Batting: LHB José Martínez
|
0-0: Swinging Strike 0-1: Ball 1-1: Called Strike 1-2: Ball 2-2: Reached on error, E8 (Flyball, 89XD)
|
Batting: RHB Rich Henley
|
0-0: Ball 1-0: Called Strike 1-1: Swinging Strike 1-2: Fly out, F8 (Flyball, 8LD)
|
Bottom of the 5th over - 0 runs, 1 hit, 1 error, 1 left on base; Waba 2 - Amarillo 5 |
TOP OF THE 6TH |
Waba Ducks batting - Pitching for Amarillo Archdukes : RHP José Abacil
|
Batting: RHB Gerald Burnett
|
0-0: Ball 1-0: Called Strike 1-1: Foul Ball, location: 2F 1-2: Foul Ball, location: 2F 1-2: Foul Ball, location: 2F 1-2: Strikes out swinging
|
Batting: SHB Garrett Waller
|
0-0: Foul Ball, location: 2F 0-1: Foul Ball, location: 2F 0-2: Ball 1-2: SINGLE (Flyball, 78S)
|
Batting: RHB Lorenzo Silva
|
0-0: Ball 1-0: Ball 2-0: Ball 3-0: Called Strike 3-1: Base on Balls Garrett Waller to second
|
Batting: RHB Lynn Johnson
|
0-0: Called Strike 0-1: Ball 1-1: Fielders Choice at 2nd, 5-4 (Groundball, 5) Garrett Waller to third
|
Batting: RHB Armando Blanco
|
0-0: Ball 1-0: Ball 2-0: Ball 3-0: Called Strike 3-1: Base on Balls Lynn Johnson to second
|
Batting: LHB Stanley Mullins
|
0-0: Foul Ball, location: 2F 0-1: Fielders Choice at 2nd, 6-4 (Groundball, 6)
|
Top of the 6th over - 0 runs, 1 hit, 0 errors, 3 left on base; Waba 2 - Amarillo 5 |
BOTTOM OF THE 6TH |
Amarillo Archdukes batting - Pitching for Waba Ducks : RHP Fernand Picard
|
Pitching: LHP Martin Balsano
|
|
Batting: RHB Herb Bunch
|
0-0: Called Strike 0-1: Ball 1-1: Swinging Strike 1-2: Ball 2-2: Ball 3-2: Foul Ball, location: 2F 3-2: Foul Ball, location: 2F 3-2: Foul Ball, location: 2F 3-2: Foul Ball, location: 2F 3-2: Base on Balls
|
Batting: LHB John Frost
|
0-0: Called Strike 0-1: Called Strike 0-2: Ball 1-2: Foul Ball, location: 2F 1-2: Ball 2-2: Foul Ball, location: 2F 2-2: Ball 3-2: Grounds into double play, 6-4-3 (Groundball, 56)
|
Batting: LHB Orlando Hernández
|
0-0: Ball 1-0: Foul Ball, location: 2F 1-1: Swinging Strike 1-2: Ball 2-2: Ball 3-2: Fly out, F7 (Flyball, 7D)
|
Bottom of the 6th over - 0 runs, 0 hits, 0 errors, 0 left on base; Waba 2 - Amarillo 5 |
TOP OF THE 7TH |
Waba Ducks batting - Pitching for Amarillo Archdukes : RHP José Abacil
|
Pitching: RHP Domingo León
|
|
Batting: RHB António Venecia
|
0-0: Called Strike 0-1: Ball 1-1: Swinging Strike 1-2: Fly out, F8 (Flyball, 78M)
|
Batting: LHB Don Ramey
|
0-0: Fly out, F9 (Flyball, 9D)
|
Batting: RHB Pedro Guzmán
|
0-0: Foul Ball, location: 2F 0-1: Ball 1-1: Called Strike 1-2: SINGLE (Groundball, 56D)
|
Batting: RHB Gerald Burnett
|
0-0: Ball 1-0: Ball 2-0: Called Strike 2-1: Ball 3-1: Base on Balls Pedro Guzmán to second
|
Batting: SHB Garrett Waller
|
0-0: Ball 1-0: Ball 2-0: Fly out, F7 (Flyball, 7)
|
Top of the 7th over - 0 runs, 1 hit, 0 errors, 2 left on base; Waba 2 - Amarillo 5 |
BOTTOM OF THE 7TH |
Amarillo Archdukes batting - Pitching for Waba Ducks : LHP Martin Balsano
|
Batting: LHB Brian Easdale
|
0-0: Foul Ball, location: 2F 0-1: Called Strike 0-2: SINGLE (Line Drive, 78S)
|
Batting: RHB Jesús Ramos
|
0-0: Fielders Choice at 2nd, 1-4 (Groundball, 15S)
|
Batting: LHB António Chávez
|
0-0: Called Strike 0-1: Called Strike 0-2: Ground out U3 (Groundball, 3) Jesús Ramos to second
|
Batting: SHB Jeff Chambers
|
0-0: 2-RUN HOME RUN (Flyball, 7D), Distance : 354 ft
|
Batting: LHB José Martínez
|
0-0: Ball 1-0: Ball 2-0: Called Strike 2-1: Foul Ball, location: 2F 2-2: Strikes out swinging
|
Bottom of the 7th over - 2 runs, 2 hits, 0 errors, 0 left on base; Waba 2 - Amarillo 7 |
TOP OF THE 8TH |
Waba Ducks batting - Pitching for Amarillo Archdukes : RHP Domingo León
|
Now in LF: Xie-li Fong
|
|
Batting: RHB Lorenzo Silva
|
0-0: Called Strike 0-1: Foul Ball, location: 2F 0-2: Ball 1-2: Fly out, F8 (Line Drive, 89M)
|
Batting: RHB Lynn Johnson
|
0-0: Ball 1-0: Called Strike 1-1: Swinging Strike 1-2: Strikes out swinging
|
Batting: RHB Armando Blanco
|
0-0: Ball 1-0: Ball 2-0: Ball 3-0: Foul Ball, location: 2F 3-1: Called Strike 3-2: Foul Ball, location: 2F 3-2: Strikes out swinging
|
Top of the 8th over - 0 runs, 0 hits, 0 errors, 0 left on base; Waba 2 - Amarillo 7 |
BOTTOM OF THE 8TH |
Amarillo Archdukes batting - Pitching for Waba Ducks : LHP Martin Balsano
|
Batting: RHB Rich Henley
|
0-0: Called Strike 0-1: Fly out, F8 (Flyball, 78M)
|
Batting: RHB Herb Bunch
|
0-0: Ball 1-0: Ground out 6-3 (Groundball, 6)
|
Batting: LHB John Frost
|
0-0: Swinging Strike 0-1: Ball 1-1: Foul Ball, location: 2F 1-2: Ball 2-2: Ball 3-2: Foul Ball, location: 2F 3-2: Foul Ball, location: 2F 3-2: SINGLE (Groundball, 56) (infield hit)
|
Batting: LHB Orlando Hernández
|
0-0: Called Strike 0-1: Swinging Strike 0-2: Foul Ball, location: 2F 0-2: Ball 1-2: Strikes out looking
|
Bottom of the 8th over - 0 runs, 1 hit, 0 errors, 1 left on base; Waba 2 - Amarillo 7 |
TOP OF THE 9TH |
Waba Ducks batting - Pitching for Amarillo Archdukes : RHP Domingo León
|
Batting: LHB Stanley Mullins
|
0-0: Ball 1-0: Ball 2-0: Ball 3-0: Called Strike 3-1: Foul Ball, location: 2F 3-2: Strikes out looking
|
Batting: RHB António Venecia
|
0-0: Called Strike 0-1: Ball 1-1: Ball 2-1: Ball 3-1: Base on Balls
|
Batting: LHB Don Ramey
|
0-0: Called Strike 0-1: Ball 1-1: Foul Ball, location: 2F 1-2: Ball 2-2: Fly out, F7 (Line Drive, 78M)
|
Batting: RHB Pedro Guzmán
|
0-0: Foul Ball, location: 2F 0-1: DOUBLE (Flyball, 8LXD) António Venecia to third
|
Batting: RHB Gerald Burnett
|
0-0: Ball 1-0: Swinging Strike 1-1: Foul Ball, location: 2F 1-2: Ball 2-2: Strikes out swinging
|
Top of the 9th over - 0 runs, 1 hit, 0 errors, 2 left on base; Waba 2 - Amarillo 7 |
|